 Dungeon Crawl Stone Soup version 0.29-a0-1016-g236c7fd91e (webtiles) character file.

Game seed: 9143628051889726899

126 Mesmaeker13 the Insei (level 5, -6/33 HPs)
             Began as an Octopode Transmuter on Aug 9, 2022.
             Mangled by an ogre
             ... wielding a +0 giant club
              (28 damage)
             ... on level 4 of the Dungeon.
             The game lasted 00:04:04 (3901 turns).

Mesmaeker13 the Insei (Octopode Transmuter)         Turns: 3901, Time: 00:04:05

Health: -6/33      AC:  1    Str: 10    XL:     5   Next: 10%
Magic:  4/9        EV: 13    Int: 17    God:
Gold:   118        SH:  0    Dex: 12    Spells: 4/10 levels left

rFire   . . .      SeeInvis .   f - +2 dagger (venom)
rCold   . . .      Faith    .   (no shield)
rNeg    . . .      Spirit   .   (helmet restricted)
rPois   +          Reflect  .   (no amulet)
rElec   .          Harm     .   p - ring of poison resistance
rCorr   .          Rampage  .   (no ring)
Will    .....                   (no ring)
Stlth   ++........              (no ring)
HPRegen 0.11/turn               (no ring)
MPRegen 0.11/turn               (no ring)
                                (no ring)
                                (no ring)

@: no status effects
A: almost no armour, amphibious, 8 rings, camouflage 1, gelatinous body 1,
(nimble swimmer 1), tentacles
a: no special abilities


You were on level 4 of the Dungeon.
You visited 1 branch of the dungeon, and saw 4 of its levels.

You collected 118 gold pieces.

Inventory:

Hand Weapons
 f - a +2 dagger of venom (weapon)
Jewellery
 p - a ring of poison resistance (left tentacle)
Scrolls
 c - 2 scrolls of fear {unknown}
 d - a scroll of identify {unknown}
 i - a scroll of amnesia {unknown}
 k - a scroll of summoning {unknown}
 l - 3 scrolls of immolation
 m - 2 scrolls of teleportation
Potions
 a - a potion of lignification
 b - 2 potions of mutation {unknown}
 e - a potion of haste {unknown}
 g - a potion of ambrosia {unknown}
 h - a potion of magic {unknown}
 j - 3 potions of curing {unknown}
 n - a potion of heal wounds {unknown}
 o - a potion of degeneration {unknown}


   Skills:
 - Level 1.0 Fighting
 - Level 2.0 Dodging
 + Level 4.1 Unarmed Combat
 - Level 3.0 Spellcasting
 + Level 3.3 Transmutations
 + Level 0.6 Poison Magic


You had 4 spell levels left.
You knew the following spells:

 Your Spells              Type           Power      Damage    Failure   Level
a - Beastly Appendage     Tmut           26%        N/A       4%          1
b - Wereblood             Tmut           13%        N/A       7%          2
c - Spider Form           Tmut/Pois      9%         N/A       24%         3

Your spell library contained the following spells:

 Spells                   Type           Power      Damage    Failure   Level
 Gell's Gravitas          Tloc           2%         N/A       45%         3
 Stone Arrow              Conj/Erth      4%         3d7       45%         3
 Teleport Other           Tloc           2%         N/A       45%         3
 Ice Form                 Ice/Tmut       8%         N/A       65%         4
 Dispersal                Tloc           1%         N/A       100%        6
 Lehudib's Crystal Spear  Conj/Erth      1%         10d2      100%        8
 Animate Armour           Summ/Erth      Unusable   N/A       N/A         4

Dungeon Overview and Level Annotations

Branches:
Dungeon (4/15)
 Temple: D:4-7

Altars:
Kikubaaqudgha
Vehumet

Shops:
D:2 :


Innate Abilities, Weirdness & Mutations

You cannot wear most types of armour.
You are amphibious.
You can wear up to eight rings at the same time.
Your skin changes colour to match your surroundings (Stealth+).
Your rubbery body absorbs attacks. (AC +1, EV +1)
((You are camouflaged when in or above water. (Stealth+)))
You have tentacles for arms and can constrict up to eight enemies at once.


Message History

p - a ring of poison resistance (left tentacle) Cast which spell? (? or * to list)
Okay, then.
Cast which spell? (? or * to list)
The spell is quite dangerous to miscast (24% risk of failure)!
Continue anyway?
You miscast Spider Form.
You are very lightly contaminated with residual magic.
Nothing appears to happen.
Casting: Spider Form (quite dangerous; 24% risk of failure)
Confirm with . or Enter, or press ? or * to list all spells.
The spell is quite dangerous to miscast (24% risk of failure)!
Continue anyway?
You turn into a venomous arachnid creature.
Your +2 dagger of venom melds into your body.
Your +2 dagger of venom stops dripping with poison.
Your transformation is almost over.
The ogre shouts!
b - 2 viscous golden potions (gained 1)
There are no items here.
Found a radiant altar of Vehumet.
You hit the ogre.
The ogre is lightly wounded.
The ogre misses you.
You hit the ogre.
The ogre is poisoned.
The ogre is moderately wounded.
You bite the ogre!
The ogre is severely wounded.
The ogre barely misses you.
You hit the ogre.
The ogre is severely wounded.
The ogre hits you with a +0 giant club!
Your magical contamination has completely faded away.
There is a stone staircase leading up here.
Your transformation has ended.
Your +2 dagger of venom unmelds from your body.
Your +2 dagger of venom begins to drip with poison!
You hit the ogre. Your squeeze misses the ogre.
The ogre is almost dead.
The ogre hits you with a +0 giant club!!
Ouch! That really hurt!
You die...

#...#
#.....
###......
#....._..
#.# #.#
####.###
+....#.#
###.#O@#
#.#### #.
.. .# P.
..


You could see an ogre (very poisoned).

Vanquished Creatures
  Jessica (D:2)
  An adder (D:2)
  3 worms
  3 dart slugs (D:1)
  3 orcs (D:3)
  4 ball pythons
  3 endoplasms
  3 giant cockroaches
  6 hobgoblins
  3 jackals (D:1)
  4 quokkas
  9 bats
  7 frilled lizards
  6 goblins
  7 kobolds (D:1)
  7 rats
70 creatures vanquished.

Notes
Turn   | Place    | Note
-------+----------+-------------------------------------------
     0 | D:1      | Mesmaeker13 the Octopode Transmuter began the quest for the
                  | Orb.
     0 | D:1      | Reached XP level 1. HP: 13/13 MP: 3/3
   404 | D:1      | Reached XP level 2. HP: 12/18 MP: 3/5
   802 | D:1      | Found a faded altar of an unknown god.
   831 | D:1      | Reached XP level 3. HP: 19/23 MP: 6/6
  1762 | D:2      | Learned a level 2 spell: Wereblood
  1887 | D:2      | Found Witud's Book Shoppe.
  1957 | D:2      | Noticed Jessica
  1968 | D:2      | Killed Jessica
  1969 | D:2      | Reached XP level 4. HP: 21/28 MP: 8/8
  2596 | D:3      | Reached skill level 4 in Unarmed Combat
  2604 | D:3      | Learned a level 3 spell: Spider Form
  2981 | D:3      | Reached XP level 5. HP: 28/33 MP: 7/9
  3157 | D:3      | Found a faded altar of an unknown god.
  3161 | D:3      | Found an ancient bone altar of Kikubaaqudgha.
  3770 | D:3      | Upgraded the game from 0.29-a0-1009-g60c99734e7 to
                  | 0.29-a0-1016-g236c7fd91e
  3883 | D:4      | Noticed an ogre
  3890 | D:4      | Found a radiant altar of Vehumet.
  3901 | D:4      | Mangled by an ogre

Illustrated notes

Levels and vault maps discovered:
D:1:      dpeg_arrival_morbid_curiosity, layout_basic,
          chequers_ecumenical_altar_simple, minmay_3d_cube
D:2:      layout_loops_cross, serial_shops,
          nicolae_shop_competitors_out_of_business, uniq_jessica
D:3:      layout_basic, nicolae_overflow_ecumenical_swirl, minivault_24
D:4:      layout_basic, lemuel_round_altar, tgw_xom,
          minmay_temple_entry_mini_moons, serial_bayou, serial_bayou_lake_a,
          serial_bayou_shore_b, serial_bayou_crossing, serial_bayou_pond_a,
          uniq_duvessa

Skill      XL: |  1  2  3  4 |
---------------+-------------+-----
Transmutations | 3 |  3.3
Spellcasting   | 3 |  3.0
Unarmed Combat | 4 |  4.1
Fighting       | |  1.0
Dodging        | |  2.0
Poison Magic   | |  0.6

Action                   |  1- 3 |  4- 6 || total
-------------------------+-------+-------++-------
Melee: Unarmed           |    38 |     4 ||    42
       Kick              |    23 |    17 ||    40
       Constrict         |    23 |     9 ||    32
       Tentacles         |    15 |     4 ||    19
       Dagger            |    45 |    46 ||    91
       Punch             |     5 |       ||     5
 Cast: Beastly Appendage |    26 |    23 ||    49
       Wereblood         |       |     1 ||     1
       Spider Form       |       |     1 ||     1
  Use: Scroll            |       |     3 ||     3
 Stab: Sleeping          |     1 |     5 ||     6
Armor: Skin              |     7 |     2 ||     9
Dodge: Dodged            |    53 |    29 ||    82

Table legend: (Time is in decaauts)
 A = Elapsed time spent in this place.
 B = Non-inter-level travel time spent in this place.
 C = Inter-level travel time spent in this place.
 D = Time resting spent in this place.
 E = Time spent auto-exploring this place.
 F = Levels seen in this place.
 G = Mean time per level.
                   A        B        C        D        E       F      G
               +--------+--------+--------+--------+--------+-----+--------+
         Total |   3896 |   3823 |     73 |    433 |   2849 |   4 |  974.0 |
       Dungeon |   3896 |   3823 |     73 |    433 |   2849 |   4 |  974.0 |
               +--------+--------+--------+--------+--------+-----+--------+

Top non-repeatable levels by time:
     D:1: 1722 daAuts
     D:3: 1372 daAuts
     D:2: 781 daAuts
     D:4: 20 daAuts
